 Dungeon Crawl Stone Soup version 0.31-a0-543-geaa9c7a2c0 (webtiles) character file.

Game seed: 1864915739867527136

449410 GordonOverkill the Slayer (level 24, -7/147 HPs)
             Began as a Vine Stalker Delver on Aug 15, 2023.
             Was the Champion of Makhleb.
             Mangled by a sphinx (11 damage)
             ... on level 5 of the Vaults.
             The game lasted 02:16:26 (49376 turns).

GordonOverkill the Slayer (Vine Stalker Delver)    Turns: 49376, Time: 02:16:27

Health: -7/147     AC: 41    Str: 35    XL:     24   Next: 26%
Magic:  0/28       EV: 10    Int:  9    God:    Makhleb [******]
Gold:   143        SH:  0    Dex: 18    Spells: 33/33 levels left

rFire   + + +        A - +8 demon trident "Rift" {distort, reach+}
rCold   + + +        z - +4 tower shield {reflect}
rNeg    + . .        h - +9 scales of the Dragon King {rPois rF+ rC+ Will+}
rPois   +            g - +1 helmet {SInv}
rElec   +            y - scarf {rC+ rF+}
rCorr   +            O - +4 pair of gloves "Tooz" {rPois Dex+3}
SInv    +            X - +2 pair of boots
Will    ++++.        e - amulet of regeneration Stlth
                     Q - ring of Xom's Anger {rPois rN+ rCorr Str+7 Dex-3}
HPRegen 2.04/turn    V - ring of Shadows {Umbra +Inv Stlth+}
MPRegen 0.21/turn

%: reflection, clarity, guardian spirit
@: confused, mighty, about to teleport, resistant, ambrosia-drunk, hasted,
wreathed by umbra, studying Necromancy, invisible (expiring), very quick
A: fangs 3, regeneration 1, magic shield, antimagic bite, no potion heal 2,
clarity, low MP 1, strong 1, subdued magic 1
}: 2/15 runes: decaying, serpentine
a: Renounce Religion, Evoke Invisibility, Minor Destruction, Lesser Servant of
Makhleb, Major Destruction, Greater Servant of Makhleb


You were on level 5 of the Vaults.
You worshipped Makhleb.
Makhleb was exalted by your worship.
You visited 9 branches of the dungeon, and saw 43 of its levels.
You visited 1 bazaar.
You also visited: Sewer, Bailey, Gauntlet and Ice Cave.

You collected 4959 gold pieces.
You spent 4816 gold pieces at shops.

Inventory:

Hand Weapons
 A - the +8 demon trident "Rift" (weapon) {distort, reach+}
   (You found it on level 4 of the Dungeon)
 B - the +8 trishula "Condemnation" {holy, anguish, *Noise Fly rN+}
   (You took it off a deep elf annihilator on level 3 of the Elven Halls)

   rN+:       It protects you from negative energy.
   Fly:       It grants you flight.
   *Noise:    It may make a loud noise when swung.
 F - a +4 demon trident of venom
Missiles
 i - 15 boomerangs
 H - 10 curare-tipped darts
 I - 5 throwing nets (quivered)
 T - 4 silver javelins
Armour
 g - a +1 helmet of see invisible (worn)
 h - the +9 scales of the Dragon King (worn) {rPois rF+ rC+ Will+}
   (You bought it in a shop on level 2 of the Orcish Mines)

   rF+:       It protects you from fire.
   rC+:       It protects you from cold.
   rPois:     It protects you from poison Will+: It increases your willpower.
 q - a scarf of invisibility
 y - a scarf of resistance (worn)
 z - a +4 tower shield of reflection (worn)
 O - the +4 pair of gloves "Tooz" (worn) {rPois Dex+3}
   (You found it in a Gauntlet)

   Dex+3:     It affects your dexterity (+3).
   rPois:     It protects you from poison
 X - a +2 pair of boots (worn)
Jewellery
 e - an amulet of regeneration (around neck)
 j - a ring of willpower
 Q - the ring of Xom's Anger (left hand) {rPois rN+ rCorr Str+7 Dex-3}
   (You found it in an ice cave)

   [ring of positive energy]

   Str+7:     It affects your strength (+7).
   Dex-3:     It affects your dexterity (-3).
   rPois:     It protects you from poison rN+: It protects you from negative
   energy.
   rCorr:     It protects you from acid and corrosion.
 R - the ring of the Well-Known Loafs {rC+ Int+2}
   (You found it on level 3 of the Elven Halls)

   [ring of protection from cold]

   Int+2:     It affects your intelligence (+2).
   rC+:       It protects you from cold.
 V - the ring of Shadows (right hand) {Umbra +Inv Stlth+}
   (You took it off a deep elf sorcerer on level 3 of the Elven Halls)

   [ring of stealth]

   Umbra:     It surrounds you with an aura of shadow, increasing your stealth
   and reducing the accuracy of all others within it.
   +Inv:      It lets you turn invisible.
   Stlth+:    It makes you more stealthy.
 Y - a ring of flight
Wands
 n - a wand of polymorph (19)
 r - a wand of flame (32)
 C - a wand of charming (37)
 E - a wand of roots (31)
 J - a wand of light (16)
 P - a wand of mindburst (12)
Scrolls
 c - 10 scrolls of fog
 l - 5 scrolls of teleportation
 v - 18 scrolls of identify
 w - 2 scrolls of amnesia
 x - 9 scrolls of vulnerability
 D - 2 scrolls of poison
 K - 11 scrolls of revelation
 N - 3 scrolls of silence
Potions
 a - 6 potions of berserk rage
 b - 9 potions of enlightenment
 k - 4 potions of magic
 m - 3 potions of brilliance
 o - 14 potions of curing
 p - 8 potions of lignification
 s - 7 potions of haste
 u - 7 potions of might
 G - 4 potions of cancellation
 M - 5 potions of invisibility
 W - 10 potions of mutation
Miscellaneous
 d - a box of beasts
 S - a phantom mirror


   Skills:
 + Level 22.0 Fighting
 - Level 1.0 Short Blades
 - Level 1.7 Maces & Flails
 - Level 16.0 Polearms
 - Level 2.0 Throwing
 + Level 15.0 Armour
 + Level 7.0 Dodging
 - Level 6.0 Stealth
 + Level 15.0 Shields
 - Level 4.1 Unarmed Combat
 - Level 5.0 Spellcasting
 - Level 10.0 Invocations
 - Level 15.0 Evocations
 - Level 4.0 Shapeshifting


You had 33 spell levels left.
You didn't know any spells.
Your spell library contained the following spells:

 Spells                   Type           Power      Damage    Failure   Level
 Foxfire                  Conj/Fire      4%         2x1d4     99%         1
 Kiss of Death            Conj/Necr      4%         2d5       99%         1
 Necrotise                Necr           4%         1d4       99%         1
 Sandblast                Erth           2%         2d4       99%         1
 Slow                     Hex            4%         N/A       99%         1
 Sting                    Tmut/Pois      4%         1d3       99%         1
 Summon Small Mammal      Summ           4%         N/A       99%         1
 Ensorcelled Hibernation  Hex/Ice        2%         N/A       100%        2
 Lesser Beckoning         Tloc           2%         N/A       100%        2
 Passwall                 Tmut/Erth      0%         N/A       100%        2
 Poisonous Vapours        Pois/Air       2%         N/A       100%        2
 Scorch                   Fire           2%         2d5       100%        2
 Call Canine Familiar     Summ           1%         N/A       100%        3
 Confusing Touch          Hex            1%         N/A       100%        3
 Dazzling Flash           Conj/Hex       2%         N/A       100%        3
 Frozen Ramparts          Ice            2%         1d1       100%        3
 Gell's Gravitas          Tloc           1%         N/A       100%        3
 Ignite Poison            Fire/Tmut/Pois 1%         N/A       100%        3
 Inner Flame              Hex/Fire       1%         N/A       100%        3
 Mephitic Cloud           Conj/Pois/Air  1%         N/A       100%        3
 Ozocubu's Armour         Ice            1%         N/A       100%        3
 Portal Projectile        Hex/Tloc       2%         N/A       100%        3
 Stone Arrow              Conj/Erth      2%         3d7       100%        3
 Summon Guardian Golem    Hex/Summ       1%         N/A       100%        3
 Swiftness                Air            1%         N/A       100%        3
 Teleport Other           Tloc           1%         N/A       100%        3
 Tukima's Dance           Hex            1%         N/A       100%        3
 Vampiric Draining        Necr           1%         2d6       100%        3
 Vhi's Electric Charge    Tloc/Air       2%         N/A       100%        3
 Volatile Blastmotes      Fire/Tloc      2%         2d10      100%        3
 Anguish                  Hex/Necr       0%         N/A       100%        4
 Animate Armour           Summ/Erth      2%         N/A       100%        4
 Animate Dead             Necr           1%         N/A       100%        4
 Cause Fear               Hex            0%         N/A       100%        4
 Dispel Undead            Necr           1%         3d6       100%        4
 Flame Wave               Conj/Fire      1%         2d4       100%        4
 Fulminant Prism          Conj/Hex       0%         3d5       100%        4
 Iskenderun's Mystic Bla  Conj/Tloc      1%         2d3       100%        4
 Leda's Liquefaction      Hex/Erth       0%         N/A       100%        4
 Olgreb's Toxic Radiance  Pois           1%         N/A       100%        4
 Passage of Golubria      Tloc           1%         N/A       100%        4
 Petrify                  Tmut/Erth      1%         N/A       100%        4
 Sticky Flame             Conj/Fire      1%         2d3       100%        4
 Summon Ice Beast         Ice/Summ       1%         N/A       100%        4
 Summon Lightning Spire   Summ/Air       1%         N/A       100%        4
 Agony                    Necr           1%         N/A       100%        5
 Borgnjor's Vile Clutch   Necr/Erth      0%         N/A       100%        5
 Freezing Cloud           Conj/Ice/Air   0%         6-21      100%        5
 Irradiate                Conj/Tmut      0%         3d11      100%        5
 Lee's Rapid Deconstruct  Erth           0%         3d4*      100%        5
 Metabolic Englaciation   Hex/Ice        0%         N/A       100%        5
 Summon Forest            Summ/Tloc      0%         N/A       100%        5
 Summon Mana Viper        Hex/Summ       1%         N/A       100%        5
 Yara's Violent Unravell  Hex/Tmut       0%         3d3       100%        5
 Death Channel            Necr           0%         N/A       100%        6
 Leda's Unmaking          Conj/Erth      0%         9d1       100%        6
 Plasma Beam              Fire/Air       0%         2x1d10    100%        6
 Starburst                Conj/Fire      0%         6d3       100%        6
 Summon Cactus Giant      Summ           0%         N/A       100%        6
 Enfeeble                 Hex            0%         N/A       100%        7
 Haunt                    Necr/Summ      0%         N/A       100%        7
 Malign Gateway           Summ/Tloc      0%         N/A       100%        7
 Monstrous Menagerie      Summ           0%         N/A       100%        7
 Ozocubu's Refrigeration  Ice            0%         4d7       100%        7
 Borgnjor's Revivificati  Necr           0%         N/A       100%        8
 Death's Door             Necr           0%         N/A       100%        9
 Fire Storm               Conj/Fire      0%         6d1       100%        9


Dungeon Overview and Level Annotations

Branches:
Dungeon (15/15)            Temple (1/1) D:7            Lair (5/5) D:9
  Swamp (4/4) Lair:2        Snake (4/4) Lair:2        Slime (0/5) Lair:5
    Orc (2/2) D:9             Elf (3/3) Orc:2        Vaults (4/5) D:14
  Crypt (0/3) Vaults:2     Depths (4/4) D:15            Zot (0/5) Depths:4
  Sewer (visited)          Bailey (visited)           IceCv (visited)
Gauntlet (visited)

Altars:
Ashenzari
Cheibriados
Dithmenos
Elyvilon
Fedhas
Gozag
Hepliaklqana
Kikubaaqudgha
Makhleb
Nemelex Xobeh
Okawaru
Qazlal
Ru
Sif Muna
Uskayaw
Vehumet
Wu Jian
Xom
Yredelemnul
Zin
The Shining One
Jiyva

Shops:
D:14 (   Orc:2 *(:[=!   Elf:1 (   Elf:2 (   Snake:1 [*([   Vaults:3 ((((
Depths:2 !   Depths:3 :=:

Portals:
Hell: Depths:1 Depths:2 Depths:3 Depths:4
Abyss: Depths:3
Pandemonium: Depths:2
Ziggurat: Depths:2

Annotations:
Abyss:1 Bai Suzhen; Edmund; Kiciri's ghost, journeyman BaCj; Vashnia


Innate Abilities, Weirdness & Mutations

You have razor-sharp teeth.
Your natural rate of healing is unusually fast.
When hurt, damage is shared between your health and your magic reserves.
Your bite disrupts and absorbs the magic of your enemies.
Potions cannot restore your health.
You possess an exceptional clarity of mind.
Your magical capacity is low. (-10% MP)
Your muscles are strong. (Str +4, Int/Dex -1)
Your spells are a little easier to cast, but a little less powerful.


Message History

The vault sentinel blows a loud note on a signal horn!
The ogre mage hits you with a +0 flail.
* * * LOW HITPOINT WARNING * * *
You hear a faint skittering sound.
You hear a shout! x2; You hear two shouts!
You hear a shout! x6
The tengu reaver blocks your attack. x2; The tengu reaver misses you.
The tengu reaver closely misses you.
The tengu reaver claws you but does no damage.
You block the sphinx's attack. The sphinx closely misses you.
You block the sphinx's attack.
The ironbound convoker is engulfed in poison gas.
The ironbound convoker looks even sicker.
You block the vault warden's attack.
The titan waves its arms in wide circles.
The air twists around and strikes you.
The vault warden hits you with a +0 heavy great mace!!
* * * LOW HITPOINT WARNING * * *
The vault guard closely misses you.
The vault guard is engulfed in poison gas.
The vault guard looks even sicker.
The ironbound preserver barely misses you.
The vault warden is engulfed in poison gas.
The vault warden looks even sicker.
The stone giant is engulfed in poison gas.
The stone giant looks even sicker.
The deep elf death mage barely misses you.
Okay, then.
You are confused.
Your system rejects the healing.
You feel invigorated.
You flicker for a moment.
The ancient lich's magic is no longer disrupted.
The queen bee changes into a black bear!
The deep elf sorcerer is engulfed in poison gas.
The deep elf sorcerer is poisoned.
The vault sentinel blows a loud note on a signal horn!
The tengu reaver hits you but does no damage.
The tengu reaver pecks you but does no damage.
The tengu reaver claws you but does no damage.
The sphinx hits you!
You die...

.§§§#§§§§#+#
§§§#§§§§#§###
§§§..§§.§§§
####p§§.§§§§###
§§§§.§§§L§§§§§§
§§§§§DCQe§§§§§§
§§§§§CeOQp§§§§.
§§§§LDp@H§T§§§§
####§pCpppp§###
#§WCu§§§.h.§
#.W#§§§§#§§§§
#§§§#.§§§# §§§
#§§§ #§§§§# §§
§.§ #§§§§# §
§## #§§§§#


You could see a shadow dragon, an ironbound preserver (unable to see you), a
titan, an ancient lich, a frost giant, a green very ugly thing (unable to see
you), a quicksilver dragon, a sphinx, a stone giant (unable to see you, very
poisoned), 3 vault wardens, 2 tengu reavers, a lich (fast, invisible), 2 vault
guards, a deep elf death mage, an ettin (unable to see you, poisoned), a deep
elf sorcerer (fast, poisoned), an ogre mage (invisible), a shadow wraith
(invisible), a vault sentinel (catching breath), a phantasmal warrior, an
ironbound convoker (unable to see you, very poisoned), a troll (unable to see
you) and a black bear shaped shifter (unable to see you).

Vanquished Creatures
  An ancient lich (Vaults:5)
  Mara (Swamp:3)
  Xtahua (Depths:4)
  Saint Roka (Depths:2)
  Nikola (Elf:3)
  Norris (Elf:1)
  A golden dragon (Depths:4)
  A lich (Depths:3)
  2 sphinxes
  3 deep elf blademasters
  2 deep elf master archers (Elf:3)
  2 quicksilver dragons
  3 thorn hunters
  2 tengu reavers
  Aizul (Vaults:1)
  Kirke (Swamp:3)
  A draconian monk (Depths:4)
  A storm dragon (Depths:3)
  2 nagarajas (Snake:4)
  8 fire giants
  A draconian knight (Depths:4)
  An iron dragon (Depths:2)
  8 frost giants
  A fenstrider witch (Swamp:3)
  4 vault wardens
  4 deep elf sorcerers (Elf:3)
  A balrug (Depths:4)
  3 deep elf elementalists (Elf:3)
  A spriggan defender (Depths:3)
  2 hydra zombies (Swamp:4)
  4 war gargoyles
  3 orc warlords
  An ophan (Depths:2)
  11 very ugly things
  2 formless jellyfish
  9 ironbound preservers
  4 deep elf demonologists (Elf:3)
  12 stone giants
  3 eleionomae
  2 green draconians (Depths:4)
  2 vampire knights
  Nessos (D:12)
  6 ironbound thunderhulks
  2 yellow draconians (Depths:4)
  A white draconian (Depths:4)
  A minotaur (Gauntlet)
  A black draconian (Depths:4)
  4 bunyips
  The ghost of Seven7 the Cleaver, a journeyman MiFi of Okawaru (Lair:2)
  10 spark wasps
  9 deep elf annihilators
  8 ettins
  5 deep elf death magi
  A green death (Depths:2)
  4 shambling mangroves (Swamp:4)
  10 fire dragons
  The ghost of qipq the Martial Artist, a journeyman OpSh of Gozag (Lair:3)
  11 yaktaur captains
  2 deep elf high priests
  4 great orbs of eyes
  4 rakshasas
  27 vault guards
  5 salamander tyrants
  9 ice dragons
  Erolcha (D:12)
  2 spriggan air magi
  An ogre mage (D:15)
  6 centaur warriors
  5 anacondas
  22 dancing weapons
  2 catoblepae
  8 alligators
  19 hydras
  7 ironbound frosthearts
  9 two-headed ogres
  10 naga warriors
  8 deep troll shamans
  3 death yaks (Lair:3)
  7 spriggan berserkers
  3 hell hogs (Depths:1)
  5 deep troll earth magi
  An orc high priest (Orc:2)
  A tengu warrior (Depths:1)
  5 vampire magi
  7 shock serpents
  Urug (Orc:2)
  9 deep elf knights
  10 naga sharpshooters
  5 sun demons
  A soul eater (D:15)
  Nergalle (Orc:2)
  27 hell knights
  3 skysharks
  4 goliath frogs
  12 salamander mystics
  5 spriggan druids
  A death drake (Gauntlet)
  9 iron trolls
  40 deep trolls
  2 glowing orange brains
  A flayed ghost (Depths:2)
  A sea snake (Lair:5)
  2 bog bodies
  A harpy (Lair:5)
  11 naga ritualists
  3 spectral hydras (Swamp:4)
  11 deep elf archers
  2 phantasmal warriors
  4 swamp dragons (Swamp:4)
  8 wizards
  9 necromancers
  10 ironbound convokers
  6 orc knights
  18 deep elf pyromancers
  16 deep elf zephyrmancers
  23 ugly things
  6 lindwurms (Vaults:2)
  2 orc sorcerers
  A mana viper (shapeshifter) (D:15)
  A shining eye (Depths:2)
  A wolf spider (D:15)
  6 manticores
  A shining eye (shapeshifter) (Depths:2)
  4 mana vipers
  28 salamanders
  4 cyclopes
  5 will-o-the-wisps
  14 elephants
  2 centaur zombies (Gauntlet)
  43 black mambas
  3 smoke demons
  6 guardian serpents
  3 eyes of devastation
  29 naga magi
  An ice statue (IceCv)
  3 torpor snails
  15 vault sentinels
  14 cane toads
  20 komodo dragons
  A hellion (Depths:1)
  7 rime drakes
  An unseen horror (shapeshifter) (D:13)
  An efreet (D:14)
  9 ice devils
  19 yaktaurs
  4 freezing wraiths (IceCv)
  5 tengu conjurers
  A gargoyle (D:12)
  3 anaconda simulacra (IceCv)
  2 wandering mushrooms (Swamp:4)
  4 death drake zombies (Swamp:4)
  A spectral harpy (Gauntlet)
  8 trolls
  5 tyrant leeches
  A polar bear (shapeshifter) (Elf:1)
  A polar bear (Lair:5)
  9 blink frogs
  21 hornets
  A hydra skeleton (Swamp:4)
  30 slime creatures
  A centaur simulacrum (D:14)
  A spriggan (shapeshifter) (D:14)
  6 water elementals
  12 spriggans
  2 shadows (D:11)
  A human (D:14)
  4 wraiths
  A vampire (Bailey)
  2 dire elephant simulacra (IceCv)
  45 yaks
  Eustachio (D:5)
  3 golden eyes (Depths:2)
  4 basilisks
  4 wyverns
  2 fire elementals
  A redback (shapeshifter) (D:15)
  3 hogs
  7 death yak simulacra (IceCv)
  19 swamp worms
  2 harpy simulacra (IceCv)
  9 vampire mosquitoes (Swamp:1)
  60 nagas
  4 wargs
  3 hydra simulacra
  3 acid dragons
  17 water moccasins
  2 floating eyes (Depths:2)
  An ice beast (D:7)
  22 orc warriors
  8 swamp drakes
  4 sky beasts
  2 black bears
  2 swamp dragon zombies (Swamp:4)
  7 ogres
  13 wolves
  5 centaurs
  A swamp dragon skeleton (Swamp:4)
  3 phantoms
  4 kobold brigands
  Blork the orc (Orc:2)
  2 gnoll sergeants (D:7)
  12 bullfrogs
  An earth elemental (Elf:2)
  A two-headed ogre simulacrum (IceCv)
  A cane toad simulacrum (IceCv)
  6 wights (D:8)
  An elephant simulacrum (IceCv)
  10 vampire bats (Bailey)
  3 wolf zombies (Bailey)
  4 howler monkeys
  2 jellies
  2 hounds
  14 orc priests
  A gnoll bouda (Orc:1)
  2 iguanas (D:6)
  22 orc wizards
  3 polar bear simulacra (IceCv)
  2 spriggan simulacra (IceCv)
  A troll simulacrum (IceCv)
  7 wolf simulacra (IceCv)
  14 adders
  30 gnolls
  2 naga simulacra (IceCv)
  2 river rats (Sewer)
  A shadow imp (D:4)
  A white imp (D:7)
  6 dart slugs
  49 orcs
  2 ball pythons
  5 endoplasms
  4 giant cockroaches
  5 goblins
  3 hobgoblins
  4 jackals
  3 quokkas
  4 bats (D:1)
  7 frilled lizards
  33 kobolds
  17 orc zombies (Bailey)
  13 rats
1570 creatures vanquished.

Vanquished Creatures (collateral kills)
  Agnes (D:14)
  An ironbound thunderhulk (D:14)
  A spark wasp (Depths:3)
  A hydra (Lair:5)
  A merfolk avatar (Lair:5)
  A deep troll shaman (Depths:3)
  A death yak (Lair:3)
  A skyshark (Lair:5)
  An orc knight (Vaults:3)
  An ugly thing (D:14)
  2 manticores (Lair:5)
  4 elephants
  2 rust devils (Depths:1)
  A komodo dragon (Lair:5)
  A wind drake (Lair:5)
  A death drake zombie (Swamp:4)
  A polar bear (Lair:5)
  3 slime creatures (D:14)
  A swamp dragon skeleton (Swamp:4)
26 creatures vanquished.

Vanquished Creatures (others)
  A deep elf sorcerer (Elf:3)
  A vampire knight (Depths:2)
  3 spark wasps
  A peacekeeper (Vaults:4)
  A naga warrior (Snake:4)
  A deep elf knight (Elf:2)
  A mana viper (Snake:4)
  A deep elf zephyrmancer (Elf:3)
  A deep elf pyromancer (Elf:2)
  A black mamba (Snake:4)
  A bloated husk (Swamp:2)
  2 spriggans
  A swamp drake (Swamp:4)
  An orc priest (Orc:2)
  21 foxfires
38 creatures vanquished.

Grand Total: 1634 creatures vanquished

Notes
Turn   | Place    | Note
-------+----------+-------------------------------------------
     0 | D:5      | GordonOverkill the Vine Stalker Delver began the quest for
                  | the Orb.
     0 | D:5      | Reached XP level 1. HP: 11/11 MP: 2/2
     4 | D:6      | Noticed a sky beast
   120 | D:5      | Noticed Eustachio
   170 | D:4      | Found a glowing drain.
   224 | D:4      | Reached XP level 2. HP: 11/16 MP: 1/3
   266 | Sewer    | Entered a sewer
   301 | Sewer    | Reached skill level 1 in Throwing
   301 | Sewer    | Reached skill level 1 in Unarmed Combat
   301 | Sewer    | Reached skill level 1 in Shapeshifting
   335 | Sewer    | Reached XP level 3. HP: 19/19 MP: 4/4
   747 | Sewer    | Noticed a kobold brigand
   760 | Sewer    | Noticed a kobold brigand
   827 | Sewer    | Gained mutation: Your spells are a little easier to cast,
                  | but a little less powerful. [potion of mutation]
   827 | Sewer    | Gained mutation: Your muscles are strong. (Str +4, Int/Dex
                  | -1) [potion of mutation]
   827 | Sewer    | Gained mutation: Your magical capacity is low. (-10% MP)
                  | [potion of mutation]
   827 | Sewer    | Gained mutation: You possess an exceptional clarity of
                  | mind. [potion of mutation]
   915 | D:3      | Gained mutation: Your natural rate of healing is unusually
                  | fast. [Vine Stalker growth]
   915 | D:3      | Reached XP level 4. HP: 18/23 MP: 4/4
  1522 | D:1      | Reached XP level 5. HP: 27/27 MP: 5/5
  1775 | D:1      | Found a faded altar of an unknown god.
  3182 | D:3      | Reached XP level 6. HP: 24/32 MP: 3/6
  3602 | D:4      | Found the +8 demon trident "Rift" {distort, reach+}
  3670 | D:4      | Reached skill level 1 in Short Blades
  3692 | D:4      | Identified the +7 falchion "Ditzapt" {flame, rPois Str+3
                  | Int+2}
  3979 | D:5      | Noticed Edmund
  4073 | D:5      | Killed Eustachio
  4074 | D:5      | Reached skill level 3 in Fighting
  4074 | D:5      | Reached skill level 1 in Polearms
  4074 | D:5      | Reached XP level 7. HP: 36/36 MP: 7/7
  4355 | D:5      | Banished Edmund
  4429 | D:5      | Found an ornate altar of the Wu Jian Council.
  4591 | D:6      | Reached skill level 4 in Fighting
  4594 | D:6      | Gained mutation: You have razor-sharp teeth. [Vine Stalker
                  | growth]
  4594 | D:6      | Reached XP level 8. HP: 25/42 MP: 6/8
  5080 | D:6      | Reached skill level 5 in Fighting
  5494 | D:7      | Reached skill level 5 in Polearms
  5521 | D:7      | Noticed a yak
  5524 | D:7      | Noticed a yak
  5527 | D:7      | Noticed a yak
  5528 | D:7      | Noticed a yak
  5536 | D:7      | Killed a yak
  5537 | D:7      | Reached skill level 6 in Fighting
  5537 | D:7      | Reached XP level 9. HP: 48/48 MP: 9/9
  5757 | D:7      | Reached skill level 7 in Fighting
  5757 | D:7      | Reached skill level 1 in Evocations
  5772 | D:7      | Found a sparkling altar of Nemelex Xobeh.
  6043 | D:7      | Found a staircase to the Ecumenical Temple.
  6414 | D:7      | Found a white marble altar of Elyvilon.
  6517 | D:7      | Found a broken altar of Ashenzari.
  6554 | Temple   | Entered the Ecumenical Temple
  6627 | D:8      | Noticed a hornet
  6632 | D:8      | Killed a hornet
  6736 | D:8      | Reached XP level 10. HP: 56/56 MP: 10/10
  6807 | D:8      | Reached skill level 8 in Fighting
  6922 | D:8      | Found a burning altar of Makhleb.
  6936 | D:8      | Became a worshipper of Makhleb the Destroyer
  7045 | D:8      | Reached skill level 1 in Invocations
  7137 | D:8      | Found a basalt altar of Yredelemnul.
  7532 | D:9      | Noticed a two-headed ogre
  7541 | D:9      | Paralysed by a hornet for 3 turns
  7715 | D:9      | Found a flagged portal.
  7731 | Bailey   | Entered a bailey
  7814 | Bailey   | Reached * piety under Makhleb
  7924 | Bailey   | Noticed a gargoyle
  7933 | Bailey   | Banished a gargoyle
  8156 | D:9      | Reached ** piety under Makhleb
  8157 | D:9      | Reached XP level 11. HP: 53/60 MP: 10/13
  8282 | D:9      | Banished a two-headed ogre
  8345 | D:9      | Found a staircase to the Orcish Mines.
  8530 | D:9      | Found a staircase to the Lair.
  8827 | D:10     | Entered Level 10 of the Dungeon
  8854 | D:10     | Noticed a two-headed ogre
  8860 | D:10     | Killed a two-headed ogre
  8861 | D:10     | Reached skill level 10 in Polearms
  8861 | D:10     | Reached skill level 5 in Evocations
  8892 | D:10     | Noticed a two-headed ogre
  8897 | D:10     | Killed a two-headed ogre
  9306 | D:10     | Noticed a two-headed ogre
  9311 | D:10     | Killed a two-headed ogre
  9311 | D:10     | Noticed a two-headed ogre
  9317 | D:10     | Banished a two-headed ogre
  9432 | D:11     | Noticed a cyclops
  9630 | D:11     | Killed a cyclops
  9838 | D:11     | Noticed a cyclops
  9845 | D:11     | Killed a cyclops
  9939 | D:11     | Got An Early Guide to Mysticism
 10060 | Lair:1   | Entered Level 1 of the Lair of Beasts
 10170 | Lair:1   | Reached XP level 12. HP: 64/64 MP: 14/14
 10879 | Lair:2   | Noticed a skyshark
 10899 | Lair:2   | Killed a skyshark
 10916 | Lair:2   | Reached *** piety under Makhleb
 10943 | Lair:2   | Found a staircase to the Swamp.
 11090 | Lair:2   | Noticed a six-headed hydra
 11096 | Lair:2   | Killed a six-headed hydra
 11273 | Lair:2   | Found a runed translucent door.
 11273 | Lair:2   | Noticed a five-headed hydra
 11273 | Lair:2   | Noticed Seven7's ghost (journeyman MiFi)
 11277 | Lair:2   | Found a basalt altar of Yredelemnul.
 11478 | Lair:2   | You fall into a shaft and drop 1 floor!
 11495 | Lair:3   | Noticed a death yak
 11555 | Lair:3   | Reached skill level 10 in Evocations
 11555 | Lair:3   | Reached XP level 13. HP: 13/64 MP: 5/15
 11761 | Lair:3   | Reached **** piety under Makhleb
 12014 | Lair:3   | Reached skill level 9 in Fighting
 12322 | Lair:3   | Found a runed translucent gate.
 12322 | Lair:3   | Found a runed translucent gate.
 12322 | Lair:3   | Found a runed translucent gate.
 12322 | Lair:3   | Noticed qipq's ghost (journeyman OpSh)
 12543 | Lair:3   | Killed qipq's ghost
 12906 | Lair:4   | Reached skill level 10 in Fighting
 13040 | Lair:4   | Reached XP level 14. HP: 77/77 MP: 16/16
 13365 | Lair:5   | Entered Level 5 of the Lair of Beasts
 13418 | Lair:5   | Reached ***** piety under Makhleb
 13755 | Lair:5   | Identified the +8 plate armour "Tymiorpheu" {Will+ rCorr
                  | Int+3 Dex-2}
 13795 | Lair:5   | Reached skill level 11 in Fighting
 14072 | Lair:5   | Reached skill level 15 in Polearms
 14153 | Lair:5   | Found a viscous altar of Jiyva.
 14153 | Lair:5   | Found a staircase to the Slime Pits.
 14537 | D:12     | Noticed Nessos
 14629 | D:12     | Killed Nessos
 14894 | D:12     | Reached XP level 15. HP: 84/84 MP: 17/17
 14914 | D:12     | Noticed Erolcha
 14925 | D:12     | Killed Erolcha
 14926 | D:12     | Reached skill level 12 in Fighting
 15259 | D:13     | Found a gate leading to a gauntlet.
 15263 | Gauntlet | Entered a Gauntlet
 15263 | Gauntlet | Found a transporter.
 15263 | Gauntlet | Found a transporter.
 15263 | Gauntlet | Found a transporter.
 15279 | Gauntlet | Found a transporter.
 15283 | Gauntlet | Found a transporter.
 15293 | Gauntlet | Found a transporter.
 15297 | Gauntlet | Found a transporter.
 15309 | Gauntlet | Found a transporter.
 15329 | Gauntlet | Found a transporter.
 15335 | Gauntlet | Found a transporter.
 15352 | Gauntlet | Found a transporter.
 15396 | Gauntlet | Found a transporter.
 15570 | Gauntlet | Identified the +4 pair of gloves "Tooz" {rPois Dex+3}
 15596 | Gauntlet | Identified the +0 tower shield of Ru's Hatred {Dex+3 SInv}
 15617 | Gauntlet | Identified the staff of the Crawling Thing {Str+5 Conj}
 15618 | Gauntlet | Got Roicrucsi's Encyclopedia of the Scorching Coward
 15681 | D:13     | Found a frozen archway.
 15699 | IceCv    | Entered an ice cave
 15924 | IceCv    | Reached skill level 1 in Shields
 16354 | IceCv    | Reached ****** piety under Makhleb
 16512 | IceCv    | Identified the ring of Xom's Anger {rPois rN+ rCorr Str+7
                  | Dex-3}
 16568 | IceCv    | Found an ancient bone altar of Kikubaaqudgha.
 17304 | D:13     | Found a white marble altar of Elyvilon.
 17719 | D:14     | Identified the +2 pair of boots of the Irksome God {rF- rC+
                  | Int+4}
 17780 | D:14     | Noticed Agnes
 18040 | D:14     | Found Xuhourec's Antique Weapon Shoppe.
 18078 | D:14     | Killed Agnes
 18163 | D:14     | Reached skill level 13 in Fighting
 18171 | D:14     | Reached skill level 5 in Shields
 18368 | D:14     | Found a gate to the Vaults.
 18403 | D:15     | Entered Level 15 of the Dungeon
 18804 | D:15     | Reached XP level 16. HP: 91/91 MP: 18/18
 18862 | D:15     | Found a staircase to the Depths.
 19373 | Orc:1    | Entered Level 1 of the Orcish Mines
 19570 | Orc:2    | Entered Level 2 of the Orcish Mines
 19571 | Orc:2    | Found Pizos's Distillery.
 19646 | Orc:2    | Found a staircase to the Elven Halls.
 19676 | Orc:1    | Found a transporter.
 19684 | Orc:1    | Found a transporter.
 19684 | Orc:1    | Noticed Kiciri's ghost (journeyman BaCj)
 20019 | Orc:1    | Banished Kiciri's ghost
 20176 | Orc:2    | Noticed Nergalle
 20194 | Orc:2    | Killed Nergalle
 20226 | Orc:2    | Noticed Blork the orc
 20325 | Orc:2    | Noticed Urug
 20337 | Orc:2    | Killed Blork the orc
 20347 | Orc:2    | Killed Urug
 20409 | Orc:2    | Reached skill level 14 in Fighting
 20482 | Orc:2    | Found Ezxol's Antique Weapon Boutique.
 20518 | Orc:2    | Found Xierr's Book Boutique.
 20569 | Orc:2    | Found Yschomesoe's General Store.
 20583 | Orc:2    | Found Dorabli's Antique Armour Boutique.
 20599 | Orc:2    | Found Xutz's Jewellery Shop.
 20910 | Lair:2   | Found a staircase to the Snake Pit.
 21145 | Lair:2   | Killed Seven7's ghost
 21165 | Snake:1  | Entered Level 1 of the Snake Pit
 21321 | Snake:1  | Found Necuytah's Antique Armour Shoppe.
 21325 | Snake:1  | Bought a glowing helmet for 255 gold pieces
 21807 | Snake:1  | Found Nassotad's Antique Weapon Shoppe.
 21853 | Snake:1  | Found Vulukhu's Armour Shop.
 22008 | Snake:1  | Found Ehulof's Assorted Antiques.
 22012 | Snake:1  | Bought a scroll of blinking for 195 gold pieces
 22012 | Snake:1  | Bought a pink potion for 23 gold pieces
 22646 | Snake:2  | Identified the +0 chain mail of the Spider Nest {rF+}
 23216 | Snake:2  | Reached skill level 15 in Fighting
 23231 | Snake:2  | Reached XP level 17. HP: 69/99 MP: 14/19
 23458 | Snake:2  | Reached skill level 10 in Shields
 23677 | Snake:3  | Noticed Vashnia
 23702 | Snake:3  | Banished Vashnia
 24137 | Snake:3  | Got Sif Muna's Lessons on Changing and Assembling
 24425 | Snake:4  | Entered Level 4 of the Snake Pit
 25108 | Snake:4  | Noticed Bai Suzhen
 25157 | Snake:4  | Banished Bai Suzhen
 25333 | Snake:4  | Reached XP level 18. HP: 104/104 MP: 19/19
 25658 | Snake:4  | Reached skill level 15 in Shields
 25659 | Snake:4  | Reached skill level 1 in Armour
 25949 | Snake:4  | Got a serpentine rune of Zot
 26258 | Snake:4  | Reached skill level 5 in Armour
 26854 | Vaults:1 | Entered Level 1 of the Vaults
 26951 | Vaults:1 | Noticed Aizul
 26971 | Vaults:1 | Killed Aizul
 27918 | Vaults:2 | HP: 3/104 [ironbound thunderhulk/bolt of lightning (45)]
 28227 | Swamp:1  | Entered Level 1 of the Swamp
 28511 | Swamp:1  | Found a basalt altar of Yredelemnul.
 28623 | Swamp:1  | Reached XP level 19. HP: 108/108 MP: 20/20
 29894 | Swamp:3  | Noticed Mara
 29900 | Swamp:3  | Noticed GordonOverkill's illusion
 29904 | Swamp:3  | Killed Mara
 30373 | Swamp:4  | Entered Level 4 of the Swamp
 30373 | Swamp:4  | Noticed Kirke
 30426 | Swamp:3  | Killed Kirke
 30427 | Swamp:3  | Reached skill level 10 in Armour
 30813 | Swamp:4  | Reached skill level 16 in Fighting
 30952 | Swamp:4  | Noticed a tentacled monstrosity
 30957 | Swamp:4  | Banished a tentacled monstrosity
 31420 | Swamp:4  | HP: 4/111 [27-headed hydra zombie (2)]
 31564 | Swamp:4  | Found a blossoming altar of Fedhas.
 31583 | Swamp:4  | Reached skill level 17 in Fighting
 31593 | Swamp:4  | Reached skill level 5 in Invocations
 31636 | Swamp:4  | Found a basalt altar of Yredelemnul.
 31650 | Swamp:4  | Got a decaying rune of Zot
 32551 | Vaults:2 | Reached XP level 20. HP: 92/117 MP: 21/22
 33541 | Vaults:2 | Found a staircase to the Crypt.
 33872 | Vaults:3 | Reached skill level 18 in Fighting
 34003 | Vaults:3 | Found Sutep's Weapon Shoppe.
 34198 | Vaults:3 | Found Ihah's Weapon Emporium.
 34222 | Vaults:3 | Found a flickering gateway to a bazaar.
 34230 | Bazaar   | Entered a bazaar
 34230 | Bazaar   | Found Plog's Distillery.
 34230 | Bazaar   | Found Jumerir's Jewellery Shop.
 34230 | Bazaar   | Found Fest's General Store.
 34232 | Bazaar   | Found Adeugroe's Assorted Antiques.
 34234 | Bazaar   | Bought a potion of haste for 180 gold pieces
 34476 | Vaults:3 | Found Byitau's Weapon Shoppe.
 34723 | Vaults:3 | Found Lytu Asutz's Weapon Shop.
 34817 | Vaults:3 | Identified the +1 leather armour of Vanity {Dex+5}
 35464 | Vaults:4 | Reached skill level 10 in Invocations
 35960 | Vaults:4 | Reached XP level 21. HP: 119/125 MP: 26/26
 35961 | Vaults:4 | Reached skill level 19 in Fighting
 36839 | Elf:1    | Entered Level 1 of the Elven Halls
 37024 | Elf:1    | Noticed Norris
 37046 | Elf:1    | Killed Norris
 37406 | Elf:1    | Identified the amulet of Veitimoc {RegenMP rPois Dex+3}
 37860 | Elf:1    | Found Xuyciz's Antique Weapon Shop.
 38459 | Elf:2    | Found a runed translucent gate.
 38460 | Elf:2    | Found a runed translucent gate.
 38463 | Elf:2    | Found a runed translucent gate.
 38508 | Elf:2    | Found Lasuhur's Weapon Emporium.
 38803 | Elf:2    | Reached skill level 20 in Fighting
 39169 | Elf:3    | Entered Level 3 of the Elven Halls
 39169 | Elf:3    | Noticed Nikola
 39293 | Elf:3    | Killed Nikola
 40242 | Elf:3    | Got the Volume of Ensnaring Forms
 40250 | Elf:3    | Identified the +3 trident of the Salmon {drain, *Noise rF+
                  | rCorr Int+3}
 40254 | Elf:3    | Identified the ring of the Well-Known Loafs {rC+ Int+2}
 40259 | Elf:3    | Identified the +0 plate armour "Lyama Rue" {rF+}
 40388 | Elf:3    | Identified the +0 ring mail of the Past {Harm rElec}
 40390 | Elf:3    | Got the Codex of Fluctuating Corruption
 41132 | Depths:1 | Entered Level 1 of the Depths
 41236 | D:15     | Reached XP level 22. HP: 132/133 MP: 27/27
 41964 | Depths:1 | Reached skill level 15 in Evocations
 42161 | Depths:1 | Found a gateway to Hell.
 43254 | Depths:2 | Found a one-way gate leading to the halls of Pandemonium.
 43510 | Depths:2 | You fall into a shaft and drop 2 floors!
 43510 | Depths:4 | Entered Level 4 of the Depths
 43537 | Depths:3 | Found a one-way gate to the infinite horrors of the Abyss.
 43736 | Depths:3 | Reached skill level 5 in Dodging
 43949 | Depths:2 | Noticed Saint Roka
 43949 | Depths:2 | Found Redotag's Distillery.
 44017 | Depths:2 | Found a stormy altar of Qazlal.
 44301 | Depths:2 | Reached skill level 21 in Fighting
 44316 | Depths:2 | Reached XP level 23. HP: 140/140 MP: 28/28
 44949 | Depths:3 | Found Ygatas's Jewellery Shoppe.
 44950 | Depths:3 | Found Quumub's Book Boutique.
 44950 | Depths:3 | Found Kimenk's Book Boutique.
 45260 | Depths:3 | Identified the +7 lajatang "Veavilo" {vamp, Will- Str+5}
 45275 | Depths:3 | Got Eshrocs's Thoughts on Refrigeration and Charms
 45631 | Depths:2 | Found a one-way gateway to a ziggurat.
 45676 | Depths:3 | Reached skill level 22 in Fighting
 45793 | Depths:3 | Reached skill level 1 in Spellcasting
 46245 | Orc:2    | Bought the +9 scales of the Dragon King {rPois rF+ rC+
                  | Will+} for 3993 gold pieces
 46245 | Orc:2    | Found the +9 scales of the Dragon King {rPois rF+ rC+
                  | Will+}
 47068 | Depths:2 | Killed Saint Roka
 47262 | Depths:2 | Identified the +0 ring mail of the Ditch-Digger {Harm}
 47471 | Depths:2 | Bought a potion of resistance for 170 gold pieces
 47650 | Depths:4 | Reached skill level 5 in Spellcasting
 48183 | Depths:4 | Noticed a golden dragon
 48186 | Depths:4 | Found a gate to the Realm of Zot.
 48197 | Depths:4 | Killed a golden dragon
 48465 | Depths:4 | Identified the +5 chain mail of Conscience {rCorr Dex+2}
 48762 | Depths:4 | Noticed Xtahua
 48776 | Depths:4 | Killed Xtahua
 48777 | Depths:4 | Found a hazy altar of Hepliaklqana.
 49226 | Vaults:5 | Entered Level 5 of the Vaults
 49226 | Vaults:5 | Noticed an ancient lich
 49234 | Vaults:4 | Reached XP level 24. HP: 129/147 MP: 25/28
 49277 | Vaults:5 | Killed an ancient lich
 49320 | Vaults:5 | Noticed an ancient lich
 49358 | Vaults:4 | Reached skill level 15 in Armour
 49375 | Vaults:5 | HP: 2/147 [vault warden/+0 heavy great mace (23)]
 49376 | Vaults:5 | Mangled by a sphinx

Illustrated notes

Levels and vault maps discovered:
D:1:      reono_arrival_forest_river, layout_loops_ring,
          hellmonk_ecumenical_altar_defaced_shrine
D:2:      layout_basic
D:3:      layout_loops_ring, minivault_27
D:4:      layout_loops_ring, cheibrodos_sewer_entry_drain, grunt_decor_arrowhead
D:5:      layout_loops_cross, nzn_wu_jian_contemplation, uniq_edmund,
          uniq_eustachio
D:6:      layout_loops_cross, kennysheep_small_square
D:7:      layout_basic, kennysheep_little_box, nicolae_overflow_hidden_temple,
          minmay_temple_entry_drinking_statues, kennysheep_flooded_box
D:8:      layout_loops_ring, yredelemnul_altar_generic, bloody_makhleb,
          kennysheep_nub
D:9:      layout_layer_cave, lair_entry_dummy, orc_0_dummy, enter_bailey_2
D:10:     layout_long_grid, grunt_decor_fettered
D:11:     layout_cave_pools
D:12:     layout_basic, minmay_fractal_squares_gapless_7, uniq_nessos,
          uniq_erolcha
D:13:     layout_basic, portal_ice_cave_rime, gauntlet_entry_generic,
          elyvilon_altar_1
D:14:     layout_irregular_city, hellmonk_vaults_keyhole, serial_shops, shop,
          hangedman_glass_teeth, uniq_agnes
D:15:     hangedman_depths_entry_try_elsewhere_first, layout_gridville,
          nicolae_hexahallways, nicolae_figureground_pulse
Temple:   bh_familiar_temple
Lair:1:   layout_regular_city, st_stairs_5, grunt_megastairs_5
Lair:2:   layout_regular_city, minmay_swamp_entry_wisps,
          guppyfry_snake_entry_garden, ebering_ghost_inner_flame, basic_altar
Lair:3:   layout_chaotic_city, ebering_ghost_rock_garden, minivault_19,
          beast_lair_carwin_7, infiniplex_staircase_pool
Lair:4:   layout_gridlike, grunt_forest_small_clearing_treed,
          serial_bayou_shore_b
Lair:5:   gammafunk_lair_ancient_temple, layout_gridlike,
          dpeg_slime_entry_enclosed, chequers_serial_rivers_small_3
Swamp:1:  layout_basic_swamp, evilmike_swamp_ruin_house_3,
          lemuel_altar_in_water, swamp_pool5
Swamp:2:  layout_basic_swamp, hangedman_swamp_diagram
Swamp:3:  layout_basic_swamp, evilmike_swamp_ruin_house_1,
          nicolae_swamp_tree_designs, uniq_mara
Swamp:4:  byrel_swamp_growth_death_and_undeath, layout_basic_swamp, swamp_pool2,
          nzn_swamp_dancing_lights, uniq_kirke
Snake:1:  layout_cave_shapes, serial_shops, nicolae_shop_window_shopping,
          nicolae_shop_back_alley_shop, shop, nicolae_large_snake_swirl,
          minmay_shop_star
Snake:2:  layout_honeycomb, nicolae_snake_salamander_fort
Snake:3:  layout_basic, uniq_vashnia
Snake:4:  johnstein_snake_rune_scales, layout_cave_town, serial_shops,
          freezing_bzr, nicolae_snake_magic_snake_eye, uniq_bai_suzhen
Orc:1:    layout_diamond_mine, gammafunk_ghost_arena
Orc:2:    grunt_orc_cross, layout_caves, serial_shops, nicolae_shop_trees,
          nicolae_shop_advertising_works [nicolae_subvault_shop_adworks]
Elf:1:    elf_arrival_002, layout_onion_city, serial_shops, shop,
          kilobyte_mutagenic_chamber, uniq_norris
Elf:2:    elven_hall_of_blades_hangedman_original
          [nicolae_blade_entry_floor_patterns], layout_loops_corners,
          serial_shops, nicolae_shop_scrapyard, grunt_ministairs_1
Elf:3:    elf_hall, layout_loops_ring, uniq_nikola
Vaults:1: nicolae_vaults_house_1, nicolae_vaults_little_squares_6, v_misc_25,
          v_rooms_5, nicolae_vaults_offset_grid_hallway_3,
          nicolae_vaults_tetromino_Z_2, nicolae_vaults_gold_heap, v_misc_1,
          nicolae_vaults_cochlea, nicolae_vaults_network_s, vaults_room_corners,
          layout_vaults_maze, uniq_aizul
Vaults:2: lightli_enter_wizlab_magi_temple, nicolae_vaults_steering_wheel,
          vaults_room_corners, minmay_crypt_entry_simple_round,
          ontoclasm_vaults_gallery, v_misc_1, ontoclasm_vaults_chip,
          vaults_room_large_hall, vaults_room_pool, vaults_room_corners,
          layout_vaults_omnibox
Vaults:3: nicolae_vaults_six-pack, nicolae_vaults_security_offices_5,
          nicolae_vaults_little_squares_4, nicolae_vaults_storage_closets_1,
          hangedman_vaults_river_flow, nicolae_vaults_sesquioval_fish,
          vaults_room_large_hall, vaults_room_semicircle,
          nicolae_vaults_hallways_thing, vaults_standard_mumra_lines,
          nicolae_vaults_windows_and_doors_thing, nicolae_vaults_house_1,
          layout_vaults_big_cross, serial_shops, bzr_entry_lakeside, shop,
          nicolae_shop_mannequins, nicolae_shop_peninsula, shop
Vaults:4: nicolae_vaults_trapezoid_layered, ontoclasm_vaults_misaligned,
          nicolae_vaults_door_testing_chamber, vaults_standard_mumra_x,
          v_misc_23, v_pattern_5, v_misc_23, nicolae_vaults_angled_halls,
          vaults_room_door_hall, layout_vaults_omnigrid
Vaults:5
Depths:1: layout_forbidden_donut, grunt_decor_junction, hellmouth_3,
          grunt_decor_mini_mirrors, lemuel_old_faithful
Depths:2: regret_index_qazlal_generations, layout_gridlike, enter_ziggurat_b,
          pf_vacation_house_of_asmodeus, patterned_corridor,
          rand_demon_pan_entry_3, serial_shops, nicolae_take_the_stairs,
          nrook_loot_triangle, hangedman_eye_storm, serial_bayou_shore_b,
          uniq_saint_roka
Depths:3: minmay_guarded_unrand_majin_bo, layout_honeycomb,
          minmay_misc_feat_plants, pf_hell_entry_tar_spiral,
          hangedman_abyss_entry_splay, st_stairs_9,
          minmay_staircase_windowed_small, minmay_shop_grove
Depths:4: grunt_zot_entry_hairpin, layout_basic,
          nicolae_hepliaklqana_hippocampus, lightli_too_deep,
          grunt_ministairs_2, bh_walls_and_bars, uniq_xtahua

Skill      XL: |  1  2  3  4  5  6  7  8  9 10 11 12 13 14 15 16 17 18 19 20 21 22 23 24 |
---------------+-------------------------------------------------------------------------+-----
Throwing       | 1 2 |  2.0
Unarmed Combat | 1 2 3 4 |  4.1
Shapeshifting  | 1 2 3 4 |  4.0
Short Blades   | 1 |  1.0
Fighting       | 3 4 6 7 8 10 11 13 15 17 18 20 21 22 | 22.0
Polearms       | 1 3 5 7 9 11 13 14 15 16 | 16.0
Evocations     | 3 4 7 10 11 12 13 14 15 | 15.0
Invocations    | 4 5 10 | 10.0
Shields        | 5 9 14 15 | 15.0
Armour         | 8 10 11 12 13 15 | 15.0
Dodging        | 6 7 |  7.0
Spellcasting   | 5 |  5.0
Maces & Flails | |  1.7
Stealth        | |  6.0

Action                     |  1- 3 |  4- 6 |  7- 9 | 10-12 | 13-15 | 16-18 | 19-21 | 22-24 || total
---------------------------+-------+-------+-------+-------+-------+-------+-------+-------++-------
  Melee: Mace              |    58 |   123 |       |       |       |       |       |       ||   181
         Bite              |    16 |    43 |    13 |    71 |   183 |   282 |   357 |   399 ||  1364
         Unarmed           |     3 |       |       |       |       |       |       |       ||     3
         Punch             |     1 |     7 |     3 |     5 |    10 |       |       |       ||    26
         Whip              |       |    21 |       |       |       |       |       |       ||    21
         Dagger            |       |    37 |       |       |       |       |       |       ||    37
         Demon trident     |       |     5 |   141 |   427 |   805 |  1440 |  1487 |  1294 ||  5599
  Throw: Boomerang         |     3 |       |       |     2 |    15 |     7 |     5 |    12 ||    44
         Dart              |       |       |       |     8 |       |       |       |       ||     8
         Throwing net      |       |       |       |       |       |       |       |     2 ||     2
Ability: Evoke Invisibilit |       |       |       |     1 |     1 |       |       |       ||     2
  Evoke: Wand              |       |       |       |     5 |    10 |     6 |     8 |    18 ||    47
         Box of beasts     |       |       |       |       |     2 |     2 |     2 |     1 ||     7
         Phantom mirror    |       |       |       |       |     2 |       |     1 |     1 ||     4
    Use: Scroll            |     3 |     3 |     1 |    15 |    16 |     7 |     8 |     6 ||    59
         Potion            |     2 |       |     1 |       |       |     3 |     1 |    12 ||    19
   Stab: Sleeping          |     5 |    19 |       |     1 |     3 |       |       |       ||    28
         Invisible         |       |       |       |     3 |     1 |     5 |     2 |     5 ||    16
         Distracted        |       |       |       |     1 |     3 |     1 |     1 |     1 ||     7
         Petrified         |       |       |       |       |     1 |       |       |       ||     1
         Held in net/web   |       |       |       |       |       |       |       |     4 ||     4
 Armour: Leather armour    |    17 |    48 |       |       |       |       |       |       ||    65
         Chain mail        |       |    25 |    49 |     2 |       |       |       |       ||    76
         Plate armour      |       |       |       |    62 |   175 |   302 |   404 |   237 ||  1180
         Scale mail        |       |       |       |    33 |    25 |       |       |       ||    58
         Gold dragon scale |       |       |       |       |       |       |       |   199 ||   199
  Dodge: Dodged            |    41 |    94 |    39 |    95 |    90 |   112 |   142 |   190 ||   803
  Block: Tower shield      |       |       |       |       |    90 |   657 |   760 |   789 ||  2296
         Reflection        |       |       |       |       |       |    19 |   147 |    12 ||   178
         Form:             |     1 |       |     1 |       |       |       |       |       ||     2
         Blade             |     1 |       |       |       |       |       |       |       ||     1
         Beast             |       |     1 |       |       |       |       |       |       ||     1

Table legend: (Time is in decaauts)
 A = Elapsed time spent in this place.
 B = Non-inter-level travel time spent in this place.
 C = Inter-level travel time spent in this place.
 D = Time resting spent in this place.
 E = Time spent auto-exploring this place.
 F = Levels seen in this place.
 G = Mean time per level.
                   A        B        C        D        E       F      G
               +--------+--------+--------+--------+--------+-----+--------+
         Total |  48308 |  43029 |   5279 |   6954 |  22279 |  48 | 1006.4 |
       Dungeon |  13925 |  11383 |   2542 |    970 |   7682 |  15 |  928.3 |
        Temple |      1 |      1 |      0 |      0 |      0 |   1 |    1.0 |
          Lair |   4750 |   4360 |    390 |    163 |   2967 |   5 |  950.0 |
         Swamp |   3857 |   3651 |    206 |   1043 |   1568 |   4 |  964.2 |
     Snake Pit |   5281 |   4903 |    378 |    628 |   2466 |   4 | 1320.2 |
  Orcish Mines |   1576 |   1285 |    291 |     64 |    883 |   2 |  788.0 |
   Elven Halls |   3910 |   3674 |    236 |    697 |   2079 |   3 | 1303.3 |
        Vaults |   5524 |   4996 |    528 |    858 |   1903 |   5 | 1104.8 |
        Depths |   6934 |   6231 |    703 |   1678 |   2256 |   4 | 1733.5 |
        Bazaar |     67 |     67 |      0 |      0 |      0 |   1 |   67.0 |
         Sewer |    659 |    659 |      0 |    208 |    216 |   1 |  659.0 |
        Bailey |    364 |    364 |      0 |     13 |     60 |   1 |  364.0 |
      Ice Cave |   1105 |   1105 |      0 |    628 |     51 |   1 | 1105.0 |
      Gauntlet |    349 |    349 |      0 |      1 |    146 |   1 |  349.0 |
               +--------+--------+--------+--------+--------+-----+--------+

Top non-repeatable levels by time:
Depths:1: 2026 daAuts
Depths:2: 1940 daAuts
 Snake:4: 1820 daAuts
Depths:3: 1703 daAuts
Vaults:4: 1599 daAuts
   Elf:3: 1506 daAuts
Vaults:1: 1353 daAuts
 Snake:2: 1324 daAuts
Vaults:2: 1315 daAuts
    D:14: 1296 daAuts
     D:9: 1286 daAuts
Depths:4: 1264 daAuts
 Swamp:3: 1225 daAuts
Vaults:3: 1209 daAuts
   Elf:2: 1202 daAuts
